 Dungeon Crawl Stone Soup version 0.26-a0-737-g4e9f4955e2 (webtiles) character file.

Game seed: 10953138297709910145

14167 thriggle the Magician (level 11, 0/89 HPs)
             Began as a Green Draconian Ice Elementalist on Nov 3, 2020.
             Was the Champion of Cheibriados.
             Slain by a seven-headed hydra (14 damage)
             ... on level 12 of the Dungeon on Nov 4, 2020.
             The game lasted 00:53:55 (12454 turns).

thriggle the Magician (DrIE)                       Turns: 12454, Time: 00:53:56

Health: 0/89       AC: 24    Str: 25    XL:     11   Next: 85%
Magic:  9/22       EV: 18    Int: 33    God:    Cheibriados [******]
Gold:   752        SH:  0    Dex: 34    Spells: 9/25 levels left

rFire    . . .     SeeInvis .   k - +1 rapier
rCold    . . .     Faith    .   (no shield)
rNeg     . . .     Spirit   .   (armour unavailable)
rPois    +         Reflect  .   (helmet restricted)
rElec    .         Harm     .   (no cloak)
rCorr    .         Rampage  .   A - +1 pair of gloves
MR       .....                  o - +1 pair of boots
Stlth    ++++......             v - amulet of the acrobat
HPRegen  0.24/turn              w - +4 ring of protection (curse)
MPRegen  0.18/turn              h - +6 ring of dexterity

@: icy armour, frozen ramparts, very slow
A: breathe noxious fumes, unfitting armour, poison resistance, cold-blooded, AC
+7
a: Breathe Noxious Fumes, Bend Time, Temporal Distortion, Slouch, Step From
Time, Renounce Religion


You were on level 12 of the Dungeon.
You worshipped Cheibriados.
Cheibriados was exalted by your worship.
You visited 1 branch of the dungeon, and saw 12 of its levels.
You also visited: Sewer.

You collected 752 gold pieces.

Inventory:

Hand Weapons
 k - a +1 rapier (weapon)
 p - a +1 dagger of draining
 y - a +1 scimitar
 J - the +7 falchion of the Vaults {vorpal, +Rage rPois rC++ Int-2}
   (You found it on level 12 of the Dungeon)

   It inflicts extra damage upon your enemies.
   It affects your intelligence (-2).
   It greatly protects you from cold.
   It protects you from poison.
   It lets you go berserk.
Missiles
 j - 417 stones (quivered)
 H - 14 poisoned darts
Armour
 o - a +1 pair of boots (worn)
 q - a +0 kite shield
 A - a +1 pair of gloves (worn)
 B - a +0 pair of gloves
Jewellery
 h - a +6 ring of dexterity (right hand)
 v - an amulet of the acrobat (around neck)
 w - a cursed +4 ring of protection (left hand)
Wands
 z - a wand of flame (18)
 E - a wand of digging (6)
 I - a wand of acid (6)
 K - a wand of disintegration (16)
Scrolls
 b - 4 scrolls of teleportation
 d - 8 scrolls of remove curse
 f - 2 scrolls of amnesia
 g - 2 scrolls of enchant weapon
 x - 6 scrolls of fear
 D - 2 scrolls of fog
 F - a scroll of vulnerability
 G - 2 scrolls of magic mapping
 L - a scroll of holy word
 M - a scroll of enchant armour
Potions
 a - 2 potions of degeneration {unknown}
 c - 3 potions of flight
 e - 2 potions of lignification
 i - a potion of mutation {unknown}
 l - a potion of might {unknown}
 m - a potion of berserk rage
 n - 2 potions of brilliance {unknown}
 r - 3 potions of magic
 s - 3 potions of stabbing
 t - a potion of resistance {unknown}
 u - 3 potions of heal wounds
 C - 2 potions of haste


   Skills:
 + Level 6.3 Fighting
 - Level 1.4(3.5) Short Blades
 + Level 5.1(5.2) Long Blades
 + Level 4.8 Throwing
 + Level 5.4 Dodging
 + Level 5.8 Stealth
 + Level 4.3 Shields
 * Level 7.8 Spellcasting
 + Level 4.7 Conjurations
 + Level 4.0 Hexes
 + Level 7.0 Ice Magic
 + Level 5.5 Invocations
 + Level 4.6 Evocations


You had 9 spell levels left.
You knew the following spells:

 Your Spells              Type           Power        Failure   Level
a - Freeze                Ice            ####         1%          1
b - Frozen Ramparts       Ice            ######       1%          3
c - Ozocubu's Armour      Ice            ######..     1%          3
d - Hailstorm             Conj/Ice       ######..     3%          4
e - Tukima's Dance        Hex            #####...     1%          3
f - Ensorcelled Hibernat  Hex/Ice        #####.       1%          2

Your spell library contained the following spells:

 Spells                   Type           Power        Failure   Level
 Corona                   Hex            #####..      1%          1
 Confusing Touch          Hex            #####...     1%          3
 Dazzling Flash           Conj/Hex       #####.       1%          3
 Animate Skeleton         Necr           ##....       3%          1
 Pain                     Necr           ##..         3%          1
 Summon Ice Beast         Ice/Summ       #####...     9%          4
 Vampiric Draining        Necr           ##........   11%         3
 Animate Dead             Necr           ##........   34%         4
 Agony                    Necr           ##......     69%         5


Dungeon Overview and Level Annotations

Branches:
Dungeon (12/15)            Temple (0/1) D:6            Lair (0/6) D:10
    Orc (0/2) D:10          Sewer (visited)

Altars:
Cheibriados
Dithmenos
Fedhas
Makhleb
Nemelex Xobeh
Okawaru
Qazlal
Ru
Trog
Wu Jian
Xom
Yredelemnul
Zin

Shops:
D:5 (

Annotations:
D:4 Menkaure
D:7 2 transporters


Innate Abilities, Weirdness & Mutations

You can breathe blasts of noxious fumes.
Your lurid green scales are hard. (AC +7)
You cannot fit into any form of body armour.
Your system is resistant to poisons. (rPois)
You are cold-blooded and may be slowed by cold attacks.


Message History

The wall freezes the sky beast.
You kill the sky beast!
Cheibriados appreciates the change of pace.
You hear a bellow!
You hear two shouts!
You hear a shout! x2
You barely miss the seven-headed hydra.
The seven-headed hydra is heavily wounded.
The wall freezes the howler monkey!
You kill the howler monkey!
Cheibriados thoroughly appreciates the change of pace.
The wall freezes the seven-headed hydra.
The seven-headed hydra bites you!
* * * LOW HITPOINT WARNING * * *
The seven-headed hydra misses you. x2; The seven-headed hydra bites you.
* * * LOW HITPOINT WARNING * * *
The seven-headed hydra bites you.
* * * LOW HITPOINT WARNING * * *
The seven-headed hydra bites you.
* * * LOW HITPOINT WARNING * * *
The seven-headed hydra bites you!
You die...

.....(. .......
....... .......
.......##
.{......##
........)##
......##D.#
..... #[@# ....
##.# ... #)# #
.. #.## .. .
##[## .# ##.##
#.# ##.##..#
#.....### .
#.######......##
#


You could see a seven-headed hydra (slow).

Vanquished Creatures
  Josephine (D:11)
  An unseen horror (D:9)
  3 manticores
  An ugly thing (D:11)
  Maurice (D:10)
  Psyche (D:8)
  A troll (D:12)
  Prince Ribbit (D:8)
  A hornet (D:9)
  4 wyverns
  6 wraiths
  2 basilisks (D:10)
  7 yaks (D:10)
  Grum (D:11)
  3 wargs (D:10)
  4 water moccasins
  4 sky beasts
  3 ice beasts
  An orc warrior (D:12)
  2 black bears
  2 ogres
  A wolf (D:11)
  5 centaurs
  4 phantoms
  4 big kobolds
  4 bullfrogs
  Blork the orc (D:4)
  A gnoll sergeant (D:8)
  8 killer bees
  4 scorpions
  7 wights
  A howler monkey (D:12)
  A quasit (D:11)
  2 bullfrog zombies
  4 centaur skeletons
  14 orc priests
  3 bullfrog skeletons
  5 hounds
  A jelly (D:10)
  12 orc wizards
  A gnoll shaman (D:8)
  7 iguanas
  9 worker ants
  A hound zombie (D:6)
  A hound skeleton (D:7)
  2 worker ant zombies
  Robin (D:4)
  7 adders
  6 gnolls (D:8)
  4 river rats (Sewer)
  A howler monkey skeleton (D:11)
  2 ufetubi
  An ooze (D:5)
  2 adder zombies
  An adder skeleton (D:7)
  2 worms
  A dart slug (D:4)
  4 leopard geckos
  31 orcs
  10 bats
  11 giant cockroaches
  13 goblins
  20 hobgoblins
  10 jackals
  32 kobolds
  5 quokkas
  2 ball pythons
  5 frilled lizards
  A leopard gecko zombie (D:5)
  A quokka skeleton (D:5)
  A quokka zombie (D:7)
  5 rats
332 creatures vanquished.

Vanquished Creatures (collateral kills)
  A two-headed ogre (D:11)
  An orc warrior (D:10)
  A big kobold (D:11)
  2 gnolls (D:8)
5 creatures vanquished.

Vanquished Creatures (others)
  A hydra (D:11)
  A troll (D:11)
  A wolf (D:11)
  2 orcs (D:7)
  A kobold (D:11)
  A fungus (D:10)
  18 plants (D:10)
25 creatures vanquished.

Grand Total: 362 creatures vanquished

Notes
Turn   | Place    | Note
-------+----------+-------------------------------------------
     0 | D:1      | thriggle the Draconian Ice Elementalist began the quest for
                  | the Orb.
     0 | D:1      | Reached XP level 1. HP: 14/14 MP: 3/3
   221 | D:1      | Reached XP level 2. HP: 22/22 MP: 3/5
   720 | D:1      | Reached XP level 3. HP: 21/27 MP: 2/6
   826 | D:1      | Learned a level 3 spell: Frozen Ramparts
   830 | D:1      | Learned a level 3 spell: Ozocubu's Armour
  1254 | D:2      | Found a faded altar of an unknown god.
  1265 | D:2      | Reached skill level 1 in Fighting
  1285 | D:2      | Became a worshipper of Cheibriados the Contemplative
  1285 | D:2      | Reached * piety under Cheibriados
  1465 | D:2      | Found a blossoming altar of Fedhas.
  1561 | D:2      | Reached XP level 4. HP: 35/35 MP: 8/8
  2189 | D:3      | Reached ** piety under Cheibriados
  2191 | D:3      | Reached skill level 1 in Throwing
  2199 | D:3      | Reached XP level 5. HP: 21/40 MP: 3/9
  2300 | D:3      | Found a sparkling altar of Nemelex Xobeh.
  2300 | D:3      | Found a stormy altar of Qazlal.
  2927 | D:3      | Reached *** piety under Cheibriados
  3141 | D:4      | Found a glowing drain.
  3207 | Sewer    | Entered a sewer
  3210 | Sewer    | Reached skill level 1 in Long Blades
  3422 | Sewer    | Reached XP level 6. HP: 45/48 MP: 2/11
  3594 | Sewer    | Found a white marble altar of Elyvilon.
  3663 | D:4      | Identified the +1 helmet "Pimeob" {rElec SInv}
  3663 | D:4      | Noticed Robin
  3674 | D:4      | Killed Robin
  3674 | D:4      | Reached **** piety under Cheibriados
  3821 | D:4      | Noticed a wyvern
  3830 | D:4      | Killed a wyvern
  3933 | D:4      | Found a snail-covered altar of Cheibriados.
  3957 | D:4      | Noticed Blork the orc
  3970 | D:4      | Killed Blork the orc
  3970 | D:4      | Reached skill level 1 in Invocations
  3970 | D:4      | Your scales start taking on a lurid green colour.
  3970 | D:4      | Reached XP level 7. HP: 53/56 MP: 5/12
  3970 | D:4      | Gained mutation: Your system is resistant to poisons.
                  | (rPois) [Green Draconian growth]
  4083 | D:4      | Found a basalt altar of Yredelemnul.
  4149 | D:4      | Reached skill level 1 in Short Blades
  4165 | D:4      | Noticed Menkaure
  4373 | D:5      | Entered Level 5 of the Dungeon
  4407 | D:5      | Reached skill level 5 in Ice Magic
  4444 | D:5      | Learned a level 4 spell: Hailstorm
  4539 | D:5      | Found Ojeceas's Weapon Emporium.
  4543 | D:5      | Upgraded the game from 0.26-a0-720-g2a1d101370 to
                  | 0.26-a0-737-g4e9f4955e2
  4906 | D:5      | Reached skill level 1 in Evocations
  4928 | D:5      | Reached XP level 8. HP: 51/63 MP: 3/14
  5033 | D:5      | Found a burning altar of Makhleb.
  5407 | D:5      | Found an iron altar of Okawaru.
  5408 | D:5      | Found a bloodstained altar of Trog.
  5511 | D:6      | Reached ***** piety under Cheibriados
  5572 | D:6      | Reached skill level 1 in Conjurations
  5682 | D:6      | Learned a level 3 spell: Tukima's Dance
  5913 | D:6      | Found a bloodstained altar of Trog.
  6042 | D:6      | Found a glowing silver altar of Zin.
  6099 | D:6      | Found a snail-covered altar of Cheibriados.
  6123 | D:6      | Reached skill level 5 in Spellcasting
  6415 | D:6      | Found a staircase to the Ecumenical Temple.
  6572 | D:7      | Found a shadowy altar of Dithmenos.
  6667 | D:7      | Reached skill level 1 in Shields
  6675 | D:7      | Reached skill level 1 in Hexes
  6684 | D:7      | Noticed a purple ugly thing
  6685 | D:7      | Found a transporter.
  6738 | D:7      | Reached XP level 9. HP: 67/71 MP: 13/16
  6787 | D:7      | Found an ornate altar of the Wu Jian Council.
  6804 | D:7      | Noticed a freezing wraith
  7076 | D:7      | Found a shimmering altar of Xom.
  7254 | D:7      | Found a transporter.
  7261 | D:7      | Found a shimmering altar of Xom.
  7310 | D:8      | Noticed Psyche
  7474 | D:8      | Killed Psyche
  7507 | D:8      | Noticed Prince Ribbit
  7530 | D:8      | Killed Prince Ribbit
  7734 | D:8      | Reached ****** piety under Cheibriados
  8241 | D:9      | Reached XP level 10. HP: 80/80 MP: 15/19
  8245 | D:9      | Learned a level 2 spell: Ensorcelled Hibernation
  8424 | D:9      | Killed an unseen horror
  8734 | D:9      | Reached skill level 5 in Fighting
  8759 | D:9      | Found a sacrificial altar of Ru.
  9358 | D:10     | Entered Level 10 of the Dungeon
  9366 | D:10     | Found a glowing silver altar of Zin.
  9533 | D:10     | Reached skill level 5 in Stealth
  9680 | D:10     | Found a staircase to the Lair.
 10197 | D:10     | Reached XP level 11. HP: 88/88 MP: 18/21
 10227 | D:10     | Found a staircase to the Orcish Mines.
 10232 | D:10     | Reached skill level 5 in Dodging
 10485 | D:10     | Noticed Maurice
 10501 | D:10     | Killed Maurice
 10501 | D:10     | Reached skill level 5 in Invocations
 10768 | D:11     | Noticed a purple ugly thing
 10774 | D:11     | Killed a purple ugly thing
 10850 | D:11     | Killed a seven-headed hydra
 10867 | D:11     | Noticed Josephine
 10876 | D:11     | Killed Josephine
 10977 | D:11     | Noticed Grum
 10985 | D:11     | Killed Grum
 11056 | D:11     | Noticed a two-headed ogre
 11066 | D:11     | Killed a two-headed ogre
 12171 | D:12     | Found a glowing silver altar of Zin.
 12179 | D:12     | Reached skill level 5 in Long Blades
 12393 | D:12     | Got an ancient falchion
 12397 | D:12     | Identified the +7 falchion of the Vaults {vorpal, +Rage
                  | rPois rC++ Int-2} (You found it on level 12 of the Dungeon)
 12423 | D:12     | Noticed a seven-headed hydra
 12454 | D:12     | Slain by a seven-headed hydra

Illustrated notes

Levels and vault maps discovered:
D:1:      minmay_arrival_glassed_features, layout_loops_ring,
          minmay_tiny_reverse_x
D:2:      layout_rooms, old_standard_altar, chequers_ecumenical_altar_simple
D:3:      layout_basic, grunt_temple_overflow_open, minivault_27,
          kennysheep_generic_room_9
D:4:      layout_rooms, kennysheep_mini_moat, portal_sewer_entry_f,
          chequers_avenue, kennysheep_slug_shrine, uniq_menkaure, uniq_pikel,
          uniq_robin, uniq_blork_the_orc
D:5:      layout_basic, grunt_temple_overflow_bloody_war, lemuel_crystal_altar,
          serial_shops, shop
D:6:      layout_basic, lemuel_doored_altar, old_standard_altar,
          minmay_temple_entry_drinking_statues, basic_altar, item_on_display_a
D:7:      layout_rooms, old_standard_altar, gammafunk_temple_overflow_arena,
          overflow_temple_1_default, xom_confusion_cloud
D:8:      layout_cave_pools, uniq_psyche, uniq_prince_ribbit1
D:9:      layout_irregular_city, lemuel_crystal_altar
D:10:     layout_irregular_city, minmay_lair_entry_grove,
          minmay_orc_entry_guard_dogs, serial_column_ruins,
          column_ruins_corridor_plus, column_ruins_columns_dead_end,
          column_ruins_corridor_dead_end, column_ruins_columns_corner,
          basic_altar, corner_web_ring, chequers_arboretum, uniq_maurice
D:11:     layout_roguey, lemuel_flame_loot_1, uniq_josephine, uniq_grum
D:12:     layout_layer_cave, gammafunk_ghost_hydra_chop,
          hangedman_feature_mirror, minmay_mirror_moons_of_madness, uniq_snorg

Skill      XL: |  1  2  3  4  5  6  7  8  9 10 11 |
---------------+----------------------------------+-----
Dodging        | 2 3 4 5 |  5.4
Stealth        | 2 3 4 5 |  5.8
Fighting       | 1 2 3 4 5 6 |  6.3
Throwing       | 1 2 3 4 |  4.8
Spellcasting   | 3 4 5 6 7 |  7.8
Long Blades    | 1 2 3 4 5 |  5.1
Invocations    | 1 2 3 4 5 |  5.5
Short Blades   | 1 |  1.4
Ice Magic      | 5 6 7 |  7.0
Evocations     | 1 2 3 4 |  4.6
Conjurations   | 2 3 4 |  4.7
Shields        | 1 2 3 4 |  4.3
Hexes          | 1 2 3 4 |  4.0

Action                   |  1- 3 |  4- 6 |  7- 9 | 10-12 || total
-------------------------+-------+-------+-------+-------++-------
Melee: Club              |     3 |       |       |       ||     3
       Unarmed           |     3 |       |       |       ||     3
       Dagger            |    18 |    62 |    12 |       ||    92
       Short sword       |    53 |    22 |       |       ||    75
       Tailslap          |    13 |    16 |    72 |    80 ||   181
       Scimitar          |       |       |   191 |   197 ||   388
       Rapier            |       |       |     5 |    21 ||    26
Throw: Stone             |     4 |    35 |    90 |    41 ||   170
 Cast: Freeze            |    28 |       |     1 |       ||    29
       Frozen Ramparts   |     4 |    29 |    22 |    19 ||    74
       Ozocubu's Armour  |       |     3 |    12 |    13 ||    28
       Hailstorm         |       |       |    10 |    21 ||    31
       Tukima's Dance    |       |       |    12 |    13 ||    25
       Ensorcelled Hiber |       |       |       |    14 ||    14
Invok: Bend Time         |       |       |     1 |       ||     1
       Slouch            |       |       |       |     1 ||     1
 Abil: Breathe Noxious F |       |       |     9 |     3 ||    12
  Use: Scroll            |       |     6 |     7 |    11 ||    24
       Potion            |       |     1 |     2 |     1 ||     4
 Stab: Sleeping          |     6 |     6 |     9 |    15 ||    36
       Confused          |       |       |     8 |       ||     8
       Distracted        |       |       |       |     2 ||     2
Armor: Skin              |    29 |    29 |   108 |   121 ||   287
Dodge: Dodged            |    62 |    62 |   224 |   260 ||   608
       Rpst.: Scimitar   |       |       |    55 |    63 ||   118

Table legend: (Time is in decaauts)
 A = Elapsed time spent in this place.
 B = Non-inter-level travel time spent in this place.
 C = Inter-level travel time spent in this place.
 D = Time resting spent in this place.
 E = Time spent auto-exploring this place.
 F = Levels seen in this place.
 G = Mean time per level.
                   A        B        C        D        E       F      G
               +--------+--------+--------+--------+--------+-----+--------+
         Total |  17706 |  16874 |    832 |   2655 |   7923 |  13 | 1362.0 |
       Dungeon |  17079 |  16247 |    832 |   2474 |   7814 |  12 | 1423.2 |
         Sewer |    626 |    626 |      0 |    181 |    109 |   1 |  626.0 |
               +--------+--------+--------+--------+--------+-----+--------+

Top non-repeatable levels by time:
    D:10: 1998 daAuts
    D:11: 1844 daAuts
     D:5: 1798 daAuts
     D:6: 1763 daAuts
     D:9: 1614 daAuts
     D:8: 1555 daAuts
     D:3: 1343 daAuts
     D:7: 1253 daAuts
     D:1: 1231 daAuts
     D:4: 1178 daAuts
     D:2: 1005 daAuts
   Sewer: 626 daAuts
    D:12: 491 daAuts
